 Dungeon Crawl Stone Soup version 0.32-a0-132-g2d33c3cfaf (webtiles) character file.

Game seed: 15462993571447504005

10017 Hubris850 the Basher (level 11, -1/54 HPs)
             Began as a Tengu Conjurer on Feb 9, 2024.
             Was an Elder of Sif Muna.
             Slain by a hell knight
             ... wielding a +4 demon trident
              (3 damage)
             ... on level 10 of the Dungeon.
             The game lasted 00:33:41 (12772 turns).

Hubris850 the Basher (Tengu Conjurer)              Turns: 12772, Time: 00:33:42

Health: -1/54      AC: 11    Str:  8    XL:     11   Next: 55%
Magic:  21/21      EV: 41    Int: 20    God:    Sif Muna [****..]
Gold:   590        SH:  0    Dex: 18    Spells: 12/22 levels left

rFire   + . .        a - +10 flail "Ebloawuc" {venom, rCorr Dex+3}
rCold   + . .        (no shield)
rNeg    . . .        y - +2 robe {rC+ rF+}
rPois   .            (helmet restricted)
rElec   .            k - +2 cloak
rCorr   +            (no gloves)
SInv    .            (boots unavailable)
Will    .....        i - amulet of magic regeneration
Stlth   +++          M - +5 ring of evasion
HPRegen 0.29/turn    o - +4 ring of protection
MPRegen 0.57/turn

%: acrobat
@: acrobatic, flying
A: beak, talons 3, evasive flight, acrobatic
a: Renounce Religion, Channel Magic, Forget Spell, Divine Exegesis


You were on level 10 of the Dungeon.
You worshipped Sif Muna.
Sif Muna was greatly pleased with you.
You visited 1 branch of the dungeon, and saw 10 of its levels.
You also visited: Ossuary.

You collected 590 gold pieces.

Inventory:

Hand Weapons
 a - the +10 flail "Ebloawuc" (weapon) {venom, rCorr Dex+3}
   (You found it on level 6 of the Dungeon)

   Dex+3:     It affects your dexterity (+3).
   rCorr:     It protects you from acid and corrosion.
 d - a +0 short sword
 f - a +0 quarterstaff
 C - a +0 lajatang
Missiles
 v - a throwing net
 E - 8 boomerangs
 N - 3 curare-tipped darts
 P - 31 poisoned darts
Armour
 k - a +2 cloak (worn)
 w - the +0 robe of Raham {Rampage rC+ Dex+2}
   (You found it on level 4 of the Dungeon)

   Dex+2:     It affects your dexterity (+2).
   rC+:       It protects you from cold.
   Rampage:   It bestows one free step when moving towards enemies.
 y - a +2 robe of resistance (worn)
 H - an orb of light
 I - a +0 robe
 J - a +2 robe of willpower
Magical Staves
 b - a staff of conjuration
Jewellery
 i - an amulet of magic regeneration (around neck)
 l - a ring of see invisible
 o - a +4 ring of protection (right hand)
 q - a +6 ring of dexterity
 s - a ring of flight
 D - a ring of protection from fire
 M - a +5 ring of evasion (left hand)
Talismans
 j - a granite talisman
Wands
 n - a wand of flame (44)
 Q - a wand of charming (8)
 R - a wand of roots (13)
Scrolls
 c - 2 scrolls of revelation {unknown}
 h - 3 scrolls of noise
 m - a scroll of poison {unknown}
 p - 2 scrolls of summoning
 r - 3 scrolls of teleportation {unknown}
 F - a scroll of fear {unknown}
 G - a scroll of blinking {unknown}
 L - a scroll of enchant weapon {unknown}
Potions
 e - a potion of berserk rage
 g - 8 potions of curing
 t - a potion of ambrosia
 u - a potion of haste
 x - 2 potions of heal wounds
 z - 2 potions of resistance
 A - 2 potions of cancellation
 B - a potion of magic
 K - 3 potions of mutation
 O - 3 potions of enlightenment


   Skills:
 - Level 1.7 Short Blades
 + Level 12.3 Maces & Flails
 - Level 8.0 Dodging
 - Level 4.0 Stealth
 - Level 6.1 Spellcasting
 - Level 10.0 Conjurations
 - Level 5.8 Air Magic
 - Level 4.2 Alchemy


You had 12 spell levels left.
You knew the following spells:

 Your Spells              Type           Power      Damage    Failure   Level
a - Magic Dart            Conj           100%       1d8       1%          1
b - Searing Ray           Conj           92%        2d7       1%          2
c - Mephitic Cloud        Conj/Alch/Air  33%        N/A       1%          3
d - Fulminant Prism       Conj/Alch      17%        3d11      5%          4

Your spell library contained the following spells:

 Spells                   Type           Power      Damage    Failure   Level
 Mercury Vapours          Alch/Air       52%        N/A       1%          2
 Flame Wave               Conj/Fire      26%        2d8       13%         4
 Iskenderun's Mystic Bla  Conj/Tloc      26%        2d7       13%         4
 Lesser Beckoning         Tloc           12%        N/A       16%         2
 Gell's Gravitas          Tloc           6%         N/A       30%         3
 Inner Flame              Hex/Fire       6%         N/A       30%         3
 Teleport Other           Tloc           6%         N/A       30%         3
 Freezing Cloud           Conj/Ice/Air   13%        6-21      32%         5
 Sticky Flame             Fire/Alch      14%        2d5       38%         4
 Chain Lightning          Conj/Air       19%        3d25      100%        9
 Fire Storm               Conj/Fire      13%        8d3       100%        9
 Shatter                  Erth           3%         3d7*      100%        9


Dungeon Overview and Level Annotations

Branches:
Dungeon (10/15)            Temple (0/1) D:5         Ossuary (visited)
   Lair: D:8-11         Orc: D:9-12

Altars:
Dithmenos
Elyvilon
Hepliaklqana
Kikubaaqudgha
Nemelex Xobeh
Qazlal
Sif Muna
Wu Jian
Yredelemnul
Zin
The Shining One

Shops:
D:8 !


Innate Abilities, Weirdness & Mutations

You have a beak for a mouth.
You have claws for feet.
Your magical flight helps you evade attacks. (EV +4)
You can magically evade attacks while moving or waiting.


Message History

Your punch misses the hell hound.
The hell hound is lightly wounded.
The hell hound completely misses you. The hell hound barely misses you.
The hell hound completely misses you.
You closely miss the hell hound.
You peck the hell hound, but do no damage.
You punch the hell hound, but do no damage.
The hell hound is moderately wounded.
The hell hound closely misses you. The hell hound breathes flames at you.
The blast of flame hits the hell hound.
The hell hound completely resists.
The blast of flame hits you! You resist.
The blast of flame hits the hell hound.
The hell hound completely resists.
The hell hound closely misses you.
You barely miss the hell hound. Your kick misses the hell hound.
The hell hound is moderately wounded.
The hell hound completely misses you. The hell hound breathes flames at you.
The blast of flame misses you.
The blast of flame hits the hell hound.
The hell hound completely resists.
The blast of flame hits the hell hound.
The hell hound completely resists.
You closely miss the hell hound. Your kick misses the hell hound.
You peck the hell hound, but do no damage.
The hell hound is moderately wounded.
The hell hound bites you! The hell hound misses you.
The hell hound pauses to sniff the ground.
The hell hound completely misses you.
A hell knight comes into view. It is wielding a +2 war axe of flaming.
The hell hound barely misses you. The hell hound bites you.
* * * LOW HITPOINT WARNING * * *
A necromancer comes into view. It is wielding a +0 dagger.
A hell knight comes into view. It is wielding a +4 demon trident.
The hell knight shouts!
The hell knight prays to its god.
The hell knight seems to speed up.
The hell knight invokes the aid of its god against you.
The bolt of fire hits you! You resist.
* * * LOW HITPOINT WARNING * * *
The hell knight hits you from afar with a +4 demon trident.
You die...

#.#.#.....<.. #.###..####.##
#...#.# #.#.# #..##....#
###.#†# #.#.# #........#
####.≈.# #.#.# ##.##.#.##
.....≈.# #.#.####.##.#.#
.....≈.# #.#......##.#.#
.....≈.#. p#p#.#######.#.#
.....≈.#.#####.#.#.......#.#.#
.....#.#..phhh.#@#.##.##.#.#.#
.....#.###≈≈≈###.#....##.#.#.#
.....#...........#..#.##.#.#.#
.....#############..#.##.#.#.#
....... ...........#.##.#.#.#
#####.# #####...#.#.##.#.#.#
.# #.#...#.##.#.#.#
#.#.###.##.#.#.#
#.#.....##.#.#.#


You could see a hell knight (fast).

Vanquished Creatures
  A two-headed ogre (D:9)
  A deep elf pyromancer (D:10)
  A cyclops (D:9)
  A gargoyle (D:7)
  A troll (D:10)
  Grinder (D:3)
  A hornet (D:9)
  Sigmund (D:2)
  A wyvern (D:10)
  A shadow (D:10)
  17 yaks (D:10)
  4 water moccasins
  4 hell hounds (D:10)
  4 ogres
  A black bear (D:5)
  4 sky beasts (D:7)
  An ice beast (D:5)
  3 phantoms
  2 kobold brigands (D:7)
  3 centaurs
  2 elf zombies (Ossuary)
  Blork the orc (D:4)
  A weeping skull (D:9)
  3 bullfrogs
  6 scorpions
  5 wights (D:9)
  5 killer bees (D:9)
  A howler monkey (D:7)
  2 bombardier beetles
  A centaur zombie (Ossuary)
  3 human zombies (Ossuary)
  3 hounds
  A jelly (D:5)
  A gnoll bouda (D:7)
  6 orc priests
  Jessica (D:2)
  A sleepcap (D:4)
  2 iguanas
  3 orc wizards
  3 hound zombies (Ossuary)
  2 mummies (Ossuary)
  14 gnolls
  10 adders
  A shadow imp (D:6)
  A white imp (D:6)
  6 ufetubi
  3 adder zombies (Ossuary)
  5 dart slugs
  39 orcs
  4 endoplasms
  5 giant cockroaches
  6 gnoll zombies (Ossuary)
  8 goblins
  15 hobgoblins
  27 kobolds
  4 quokkas
  5 ball pythons
  3 bats
  3 frilled lizards
  A goblin zombie (D:4)
  6 jackal zombies (Ossuary)
  7 kobold zombies (Ossuary)
  6 orc zombies (Ossuary)
  3 rats
  A rat zombie (D:4)
  A spectral hobgoblin (D:7)
  A spectral orc (D:9)
291 creatures vanquished.

Vanquished Creatures (others)
  6 fulminant prisms
6 creatures vanquished.

Grand Total: 297 creatures vanquished

Notes
Turn   | Place    | Note
-------+----------+-------------------------------------------
     0 | D:1      | Hubris850 the Tengu Conjurer began the quest for the Orb.
     0 | D:1      | Reached XP level 1. HP: 10/10 MP: 4/4
   376 | D:1      | Reached XP level 2. HP: 15/15 MP: 3/6
   800 | D:1      | Learned a level 2 spell: Searing Ray
  1393 | D:2      | Found a faded altar of an unknown god.
  1426 | D:2      | Reached XP level 3. HP: 16/19 MP: 3/7
  1536 | D:2      | Learned a level 3 spell: Mephitic Cloud
  1764 | D:2      | Noticed Jessica
  1767 | D:2      | Killed Jessica
  1768 | D:2      | Reached XP level 4. HP: 24/24 MP: 4/8
  2168 | D:2      | Noticed Sigmund
  2182 | D:2      | Killed Sigmund
  2183 | D:2      | Reached XP level 5. HP: 28/28 MP: 4/11
  2183 | D:2      | Reached XP level 6. HP: 32/32 MP: 4/12
  2660 | D:3      | Reached skill level 1 in Air Magic
  2924 | D:3      | Reached skill level 1 in Alchemy
  3100 | D:3      | Noticed Grinder
  3115 | D:3      | Killed Grinder
  3116 | D:3      | Gained mutation: Your magical flight helps you evade
                  | attacks. (EV +4) [Tengu growth]
  3116 | D:3      | Reached XP level 7. HP: 36/36 MP: 2/14
  3692 | D:3      | Found a stormy altar of Qazlal.
  3700 | D:3      | Found a sparkling altar of Nemelex Xobeh.
  3703 | D:3      | Found an ancient bone altar of Kikubaaqudgha.
  3703 | D:3      | Found a white marble altar of Elyvilon.
  3719 | D:3      | Found a shadowy altar of Dithmenos.
  4085 | D:4      | Identified the +0 robe of Raham {Rampage rC+ Dex+2}
  4221 | D:4      | Found a sand-covered staircase.
  4247 | Ossuary  | Entered an ossuary
  4631 | Ossuary  | Reached XP level 8. HP: 35/41 MP: 2/15
  5139 | Ossuary  | Learned a level 4 spell: Fulminant Prism
  5245 | Ossuary  | Reached skill level 5 in Spellcasting
  5463 | D:4      | Noticed Blork the orc
  5472 | D:4      | Killed Blork the orc
  5543 | D:4      | Found a shimmering blue altar of Sif Muna.
  5599 | D:4      | Became a worshipper of Sif Muna the Loreminder
  5743 | D:4      | Found a glowing golden altar of the Shining One.
  6603 | D:5      | Entered Level 5 of the Dungeon
  6644 | D:5      | Reached skill level 5 in Air Magic
  6754 | D:5      | Reached XP level 9. HP: 38/45 MP: 18/18
  6821 | D:5      | Reached * piety under Sif Muna
  7013 | D:5      | Found a staircase to the Ecumenical Temple.
  7166 | D:5      | Reached skill level 10 in Conjurations
  7304 | D:5      | Found a glowing silver altar of Zin.
  7458 | D:5      | Reached skill level 1 in Short Blades
  7945 | D:6      | Identified the +10 flail "Ebloawuc" {venom, rCorr Dex+3}
  8038 | D:6      | Reached skill level 1 in Maces & Flails
  8093 | D:6      | Found an ornate altar of the Wu Jian Council.
  8493 | D:6      | Reached skill level 2 in Maces & Flails
  8814 | D:7      | Reached skill level 5 in Dodging
  8815 | D:7      | Reached ** piety under Sif Muna
  8825 | D:7      | Reached skill level 3 in Maces & Flails
  9023 | D:7      | Reached skill level 4 in Maces & Flails
  9207 | D:7      | Reached XP level 10. HP: 43/50 MP: 13/20
  9468 | D:7      | Reached skill level 5 in Maces & Flails
  9477 | D:7      | Reached *** piety under Sif Muna
  9495 | D:7      | Noticed a gargoyle
  9503 | D:7      | Killed a gargoyle
  9739 | D:7      | Found a hazy altar of Hepliaklqana.
  9879 | D:8      | Found Kimpaudu's Distillery.
 10220 | D:8      | Identified the +2 whip "Gon Qea" {heavy, ^Contam rPois
                  | rCorr Dex+4}
 10427 | D:9      | Reached skill level 6 in Maces & Flails
 10569 | D:9      | Found a basalt altar of Yredelemnul.
 10646 | D:9      | Paralysed by a hornet for 3 turns
 10975 | D:9      | Reached skill level 7 in Maces & Flails
 11062 | D:9      | Noticed a cyclops
 11069 | D:9      | Killed a cyclops
 11070 | D:9      | Reached skill level 8 in Maces & Flails
 11270 | D:9      | Noticed a two-headed ogre
 11275 | D:9      | Killed a two-headed ogre
 11276 | D:9      | Reached skill level 9 in Maces & Flails
 11548 | D:10     | Entered Level 10 of the Dungeon
 11683 | D:10     | Reached XP level 11. HP: 54/54 MP: 21/21
 11700 | D:10     | Reached skill level 10 in Maces & Flails
 11706 | D:10     | Reached **** piety under Sif Muna
 11741 | D:10     | Reached skill level 11 in Maces & Flails
 11950 | D:10     | Noticed a deep elf pyromancer
 11954 | D:10     | Killed a deep elf pyromancer
 12348 | D:10     | Reached skill level 12 in Maces & Flails
 12766 | D:10     | Noticed a hell knight
 12767 | D:10     | Noticed a necromancer
 12770 | D:10     | Noticed a hell knight
 12772 | D:10     | HP: 2/54 [hell knight/bolt of fire (14)]
 12772 | D:10     | Slain by a hell knight

Illustrated notes

Levels and vault maps discovered:
D:1:      kennysheep_arrival_forest, layout_basic, dk_noncrumbling_3
D:2:      layout_basic, shapermc_ecumenical_altar_gd, hangedman_feature_mirror,
          uniq_jessica, uniq_sigmund
D:3:      layout_basic, nicolae_overflow_hallway_of_the_gods,
          minmay_statues_item, columned_hall_lemuel, uniq_grinder
D:4:      layout_basic, amcnicky_altar_gilded, tgw_sif, enter_ossuary_4,
          corexii_shack, hangedman_decor_opposing
D:5:      layout_cave_pools, zin_academy, minmay_temple_entry_glass,
          minmay_misc_feat_four_crosses
D:6:      layout_loops_ring, nicolae_wu_jian_wuxing_cycle,
          kennysheep_generic_room_12
D:7:      corexii_shantytown, layout_cave_pools,
          nicolae_hepliaklqana_monster_ancestors
D:8:      layout_gridville, serial_shops, nicolae_shop_stone
D:9:      layout_basic, yredelemnul_forgotten_temple_becter
D:10:     layout_basic, minivault_24, minmay_rotating_lava

Skill      XL: |  1  2  3  4  5  6  7  8  9 10 11 |
---------------+----------------------------------+-----
Dodging        | 3 6 8 |  8.0
Stealth        | 3 4 |  4.0
Conjurations   | 7 8 9 10 | 10.0
Spellcasting   | 3 4 5 6 |  6.1
Air Magic      | 2 3 5 |  5.8
Alchemy        | 1 2 3 4 |  4.2
Short Blades   | 1 |  1.7
Maces & Flails | 4 9 12 | 12.3

Action                     |  1- 3 |  4- 6 |  7- 9 | 10-12 || total
---------------------------+-------+-------+-------+-------++-------
  Melee: Unarmed           |     4 |       |       |       ||     4
         Kick              |     6 |       |    32 |    76 ||   114
         Short sword       |    16 |       |    90 |       ||   106
         Peck              |     1 |       |    26 |    42 ||    69
         Punch             |       |       |    11 |    21 ||    32
         Flail             |       |       |    54 |   238 ||   292
   Cast: Magic Dart        |    39 |    82 |   409 |    56 ||   586
         Mephitic Cloud    |       |     1 |       |       ||     1
         Searing Ray       |       |     1 |     9 |     2 ||    12
         Fulminant Prism   |       |       |     3 |     3 ||     6
  Evoke: Wand              |       |     3 |    10 |       ||    13
    Use: Potion            |       |     1 |       |     4 ||     5
         Scroll            |       |       |       |    15 ||    15
   Stab: Sleeping          |       |       |     2 |     1 ||     3
 Armour: Robe              |    16 |     3 |   119 |    74 ||   212
  Dodge: Dodged            |    26 |     6 |   258 |   256 ||   546

Table legend: (Time is in decaauts)
 A = Elapsed time spent in this place.
 B = Non-inter-level travel time spent in this place.
 C = Inter-level travel time spent in this place.
 D = Time resting spent in this place.
 E = Time spent auto-exploring this place.
 F = Levels seen in this place.
 G = Mean time per level.
                   A        B        C        D        E       F      G
               +--------+--------+--------+--------+--------+-----+--------+
         Total |  12779 |  12470 |    309 |   2089 |   8264 |  11 | 1161.7 |
       Dungeon |  11674 |  11365 |    309 |   1374 |   8250 |  10 | 1167.4 |
       Ossuary |   1104 |   1104 |      0 |    715 |     14 |   1 | 1104.0 |
               +--------+--------+--------+--------+--------+-----+--------+

Top non-repeatable levels by time:
     D:4: 1648 daAuts
     D:3: 1530 daAuts
     D:1: 1309 daAuts
     D:5: 1246 daAuts
    D:10: 1209 daAuts
     D:9: 1152 daAuts
     D:7: 1108 daAuts
 Ossuary: 1104 daAuts
     D:2: 1098 daAuts
     D:6: 843 daAuts
     D:8: 524 daAuts
